2442 views
Uploaded 2020-02-12 18:02:27
Game version 1.32 / 1.32.1
8:59 long 2on2 ladder game on (4)TwistedMeadows
Saved by iggythefisk
2442 views
Uploaded 2020-02-12 18:02:27
Game version 1.32 / 1.32.1
8:59 long 2on2 ladder game on (4)TwistedMeadows


46 units @ 4.3k
/ 0.3k
14 buildings @ 2.4k
/ 0.9k

| Wisp | 11 | 660 | / | 0 |
| Archer | 11 | 1430 | / | 110 |
| total: | 22 | 2090g | / | 110w |
| Altar of Elders | 1 | 180 | / | 50 |
| Moon Well | 3 | 540 | / | 120 |
| Ancient of War | 1 | 150 | / | 60 |
| Tree of Ages | 1 | 320 | / | 180 |
| total: | 5 | 870g | / | 230w |
| 0:02 | Wisp |
| 0:03 | Wisp |
| 0:06 | Altar of Elders |
| 0:09 | Moon Well |
| 0:13 | Wisp |
| 0:33 | Ancient of War |
| 0:54 | Wisp |
| 1:07 | Wisp |
| 1:18 | Wisp |
| 1:34 | Archer |
| 1:34 | Archer |
| 1:40 | Wisp |
| 1:43 | Moon Well |
| 1:51 | Archer |
| 2:26 | Entangling Roots |
| 3:12 | Archer |
| 3:12 | Archer |
| 3:34 | Archer |
| 4:36 | Archer |
| 4:43 | Archer |
| 5:05 | Archer |
| 5:08 | Tree of Ages |
| 5:19 | Moon Well |
| 5:42 | Force of Nature |
| 6:28 | Archer |
| 6:28 | Archer |
| 7:29 | Wisp |
| 7:29 | Wisp |
| 7:29 | Wisp |
| 7:29 | Wisp |
| Right click | 460 |
| Select | 150 |
| Select group | 107 |
| Build/train/purchase | 31 |
| Misc. action | 29 |
| Use ability | 17 |
| Assign group | 14 |
| Minimap ping | 6 |
| Resource trade | 5 |
| Esc | 1 |


| Staff of Preservation | 1 | 150 |
| Lesser Clarity Potion | 1 | 70 |
| Boots of Speed | 1 | 250 |
| total: | 3 | 470g |
| Wisp | 16 | 960 | / | 0 |
| Archer | 4 | 520 | / | 40 |
| Dryad | 2 | 290 | / | 120 |
| Forest Troll Shadow Priest | 1 | 195 | / | 10 |
| Forest Troll Berserker | 1 | 245 | / | 30 |
| total: | 24 | 2210g | / | 200w |
| Altar of Elders | 1 | 180 | / | 50 |
| Moon Well | 3 | 540 | / | 120 |
| Ancient of War | 1 | 150 | / | 60 |
| Hunter's Hall | 1 | 210 | / | 100 |
| Ancient of Wonders | 1 | 90 | / | 30 |
| Ancient of Lore | 2 | 310 | / | 290 |
| Tree of Ages | 1 | 320 | / | 180 |
| total: | 9 | 1480g | / | 650w |
| 0:02 | Wisp |
| 0:05 | Altar of Elders |
| 0:08 | Wisp |
| 0:18 | Moon Well |
| 0:28 | Ancient of War |
| 0:31 | Wisp |
| 0:44 | Wisp |
| 0:55 | Wisp |
| 1:03 | Wisp |
| 1:16 | Wisp |
| 1:29 | Archer |
| 1:30 | Wisp |
| 1:44 | Moon Well |
| 1:48 | Wisp |
| 2:04 | Mana Burn |
| 2:39 | Wisp |
| 2:39 | Wisp |
| 2:40 | Forest Troll Shadow Priest |
| 2:43 | Evasion |
| 2:56 | Tree of Ages |
| 3:07 | Archer |
| 3:30 | Archer |
| 3:45 | Forest Troll Berserker |
| 3:55 | Archer |
| 4:03 | Moon Well |
| 4:26 | Boots of Speed |
| 4:43 | Hunter's Hall |
| 5:10 | Ancient of Wonders |
| 6:09 | Ancient of Lore |
| 6:27 | Wisp |
| 6:27 | Wisp |
| 6:28 | Ancient of Lore |
| 6:43 | Staff of Preservation |
| 6:43 | Lesser Clarity Potion |
| 6:44 | Entangling Roots |
| 7:07 | Ultravision |
| 7:08 | Strength of the Wild |
| 7:36 | Wisp |
| 7:48 | Dryad |
| 8:13 | Wisp |
| 8:13 | Wisp |
| 8:15 | Dryad |
| 8:35 | Abolish Magic |
| Select group | 606 |
| Right click | 553 |
| Select | 189 |
| Misc. action | 130 |
| Build/train/purchase | 38 |
| Use ability | 21 |
| Assign group | 17 |
| Minimap ping | 4 |
| Resource trade | 4 |
| Chat | 4 |
| Item give/drop | 1 |
| Remove unit | 1 |
32 units @ 4.3k
/ 0.4k
22 buildings @ 2.8k
/ 1.2k


| Scroll of Regeneration | 1 | 100 |
| total: | 1 | 100g |
| Peasant | 9 | 675 | / | 0 |
| Footman | 7 | 945 | / | 0 |
| Sorceress | 2 | 310 | / | 40 |
| Priest | 2 | 270 | / | 20 |
| total: | 20 | 2200g | / | 60w |
| Scout Tower | 2 | 60 | / | 40 |
| Altar of Kings | 1 | 180 | / | 50 |
| Farm | 5 | 400 | / | 100 |
| Barracks | 1 | 160 | / | 60 |
| Arcane Vault | 1 | 130 | / | 30 |
| Arcane Sanctum | 3 | 450 | / | 420 |
| Keep | 1 | 320 | / | 210 |
| total: | 13 | 1380g | / | 700w |
| 0:00 | Peasant |
| 0:06 | Altar of Kings |
| 0:10 | Peasant |
| 0:17 | Farm |
| 0:18 | Barracks |
| 0:21 | Peasant |
| 0:37 | Peasant |
| 0:46 | Farm |
| 0:50 | Peasant |
| 1:12 | Peasant |
| 1:20 | Footman |
| 1:29 | Farm |
| 1:36 | Footman |
| 1:56 | Footman |
| 2:12 | Peasant |
| 2:15 | Summon Water Elemental |
| 2:19 | Footman |
| 2:52 | Keep |
| 3:12 | Footman |
| 4:16 | Farm |
| 4:43 | Arcane Vault |
| 4:45 | Footman |
| 5:04 | Footman |
| 5:15 | Arcane Sanctum |
| 5:17 | Arcane Sanctum |
| 5:23 | Arcane Sanctum |
| 5:41 | Scroll of Regeneration |
| 5:46 | Peasant |
| 5:55 | Brilliance Aura |
| 6:43 | Peasant |
| 6:45 | Farm |
| 6:47 | Sorceress |
| 6:52 | Storm Bolt |
| 7:47 | Priest |
| 8:22 | Sorceress |
| 8:23 | Priest |
| 8:35 | Scout Tower |
| 8:36 | Scout Tower |
| Right click | 655 |
| Select | 318 |
| Select group | 107 |
| Build/train/purchase | 59 |
| Assign group | 31 |
| Misc. action | 18 |
| Use ability | 3 |
| Minimap ping | 1 |


| Rod of Necromancy | 2 | 300 |
| Ritual Dagger | 1 | 125 |
| total: | 3 | 425g |
| Acolyte | 2 | 150 | / | 0 |
| Ghoul | 2 | 240 | / | 0 |
| Crypt Fiend | 7 | 1505 | / | 280 |
| Obsidian Statue | 1 | 200 | / | 35 |
| total: | 12 | 2095g | / | 315w |
| Nerubian Tower | 1 | 100 | / | 20 |
| Altar of Darkness | 1 | 180 | / | 50 |
| Crypt | 1 | 200 | / | 50 |
| Ziggurat | 4 | 600 | / | 200 |
| Graveyard | 1 | 215 | / | 0 |
| Tomb of Relics | 1 | 130 | / | 30 |
| Slaughterhouse | 1 | 140 | / | 135 |
| Halls of the Dead | 1 | 320 | / | 210 |
| Black Citadel | 1 | 325 | / | 230 |
| total: | 9 | 1465g | / | 465w |
| 0:04 | Acolyte |
| 0:07 | Altar of Darkness |
| 0:13 | Crypt |
| 0:16 | Acolyte |
| 0:35 | Ziggurat |
| 0:57 | Graveyard |
| 1:16 | Ghoul |
| 1:22 | Tomb of Relics |
| 1:36 | Ghoul |
| 1:53 | Ziggurat |
| 2:19 | Crypt Fiend |
| 2:22 | Death Coil |
| 2:30 | Rod of Necromancy |
| 2:50 | Crypt Fiend |
| 3:12 | Crypt Fiend |
| 4:03 | Halls of the Dead |
| 4:05 | Nerubian Tower |
| 4:18 | Ritual Dagger |
| 4:31 | Rod of Necromancy |
| 4:52 | Crypt Fiend |
| 5:12 | Ziggurat |
| 5:18 | Unholy Aura |
| 6:39 | Crypt Fiend |
| 6:49 | Slaughterhouse |
| 6:59 | Black Citadel |
| 7:02 | Creature Attack |
| 7:44 | Death Coil |
| 7:51 | Frost Nova |
| 7:54 | Crypt Fiend |
| 7:58 | Obsidian Statue |
| 8:20 | Crypt Fiend |
| 8:24 | Ziggurat |
| 8:52 | Burrow |
| Right click | 552 |
| Assign group | 297 |
| Select group | 186 |
| Select | 169 |
| Build/train/purchase | 36 |
| Misc. action | 9 |
| Use ability | 7 |
| Chat | 4 |
โ